 Dungeon Crawl Stone Soup version 0.31-a0-237-g2d982f9f85 (webtiles) character file.

Game seed: 11777625523254836536

326 qw the Shooter (level 6, -2/52 HPs)
             Began as a Minotaur Hexslinger on July 10, 2023.
             Succumbed to an orc wizard's poison
             ... on level 4 of the Dungeon.
             The game lasted 00:01:12 (2991 turns).

qw the Shooter (Minotaur Hexslinger)                Turns: 2991, Time: 00:01:12

Health: -2/52      AC:  7    Str: 13    XL:     6   Next: 24%
Magic:  6/6        EV: 11    Int: 10    God:
Gold:   306        SH:  0    Dex: 14    Spells: 6/7 levels left

rFire   . . .        Y - +2 sling (flame)
rCold   . . .        (no shield)
rNeg    . . .        b - +0 ring mail
rPois   .            (helmet restricted)
rElec   .            (no cloak)
rCorr   .            i - +0 pair of gloves
SInv    .            a - +0 pair of boots
Will    .....        (no amulet)
Stlth   +            (no ring)
HPRegen 0.28/turn    (no ring)
MPRegen 0.10/turn

%: no passive effects
@: lethally poisoned (-2 -> -34)
A: horns 2, retaliatory headbutt
a: no special abilities


You were on level 4 of the Dungeon.
You visited 2 branches of the dungeon, and saw 6 of its levels.

You collected 306 gold pieces.


Innate Abilities, Weirdness & Mutations

You have a pair of horns on your head.
You reflexively headbutt those who attack you in melee.


   Skills:
 - Level 4.0 Fighting
 + Level 6.2 Ranged Weapons
 - Level 1.1 Armour
 - Level 2.1 Dodging
 - Level 1.0 Spellcasting
 - Level 2.0 Hexes


You had 6 spell levels left.
You knew the following spells:

 Your Spells              Type           Power      Damage    Failure   Level
a - Slow                  Hex            16%        N/A       32%         1

Your spell library contained the following spells:

 Spells                   Type           Power      Damage    Failure   Level
 Inner Flame              Hex/Fire       2%         N/A       82%         3
 Portal Projectile        Hex/Tloc       4%         N/A       82%         3
 Cause Fear               Hex            2%         N/A       97%         4

Inventory:

Hand Weapons
 Y - a +2 sling of flaming (weapon)
Armour
 a - a +0 pair of boots (worn)
 b - a +0 ring mail (worn)
 i - a +0 pair of gloves (worn)
Jewellery
 e - a ring of ice
Scrolls
 h - a scroll of identify
Potions
 c - a potion of mutation
 f - a potion of haste
 g - a potion of curing {unknown}

Dungeon Overview and Level Annotations

Branches:
Dungeon (5/15)             Temple (1/1) D:4

Altars:
Cheibriados
Dithmenos
Fedhas
Gozag
Nemelex Xobeh
Qazlal
Sif Muna
Trog
Uskayaw
Vehumet
Xom
Yredelemnul
Zin

Annotations:
D:3 3 runed translucent doors, qw's ghost, amateur GrHs


Message History

The orc is almost dead.
You feel sick. The orc hits you with a +0 hand axe.
Something hits you but does no damage.
You are more poisoned.
The orc hits you but does no damage. Something hits you.
You are more poisoned.
2987 ||| STAIRDANCE You feel very sick.
The orc hits you with a +0 hand axe. Something hits you.
You are lethally poisoned!
You climb upwards.
Reactivating autopickup.
You feel extremely sick.
There is a stone staircase leading down here.
Enter note:
Enter note:
Enter note:
Enter note:
Enter note:
Enter note:
Enter note:
Enter note:
Enter note:
Enter note:
Enter note:
Enter note: You shoot a sling bullet.
The sling bullet barely misses the orc.
You feel very sick. Something hits you but does no damage.
You are more poisoned.
Deactivating autopickup; reactivate with Ctrl-A.
The orc barely misses you.
You shoot a sling bullet. The sling bullet hits the orc!
The sling bullet burns the orc.
You kill the orc!
You feel extremely sick. Something hits you.
You are more poisoned.
You shoot a sling bullet.
You die...

##..## ##................ #....#
###................#
##...###................###
##.......^##...)......####
##....#......(...........
#.....#.##...............
###.......##...............
#.........{.......###......
##..#.....@...#...####.....
##.........).##...##.......
####..........#.####.<##......
####.##...........## #...........
...#....#.....##.## ###...#......
.............##..####....##...<..
..##.#.....##.....##....##..##..#
#.####........).......##....##..#
### #..###......#......>..###..#


There were no monsters in sight!

Vanquished Creatures
  An ogre (D:4)
  A scorpion (D:4)
  An orc wizard (D:5)
  6 adders
  A worm (D:3)
  3 dart slugs
  9 orcs
  10 ball pythons
  5 bats
  7 endoplasms
  6 giant cockroaches
  3 hobgoblins
  9 jackals
  6 kobolds
  A quokka (D:3)
  3 frilled lizards
  4 goblins
  5 rats
81 creatures vanquished.

Notes
Turn   | Place    | Note
-------+----------+-------------------------------------------
     0 | D:1      | qw the Minotaur Hexslinger began the quest for the Orb.
     0 | D:1      | Reached XP level 1. HP: 16/16 MP: 1/1
     0 | D:1      | 0 ||| qw: Version: 0.3-a-52-g30416fa
     0 | D:1      | 0 ||| qw: Game counter: 5373
     0 | D:1      | 0 ||| qw: Melee chars always use a shield: true
     0 | D:1      | 0 ||| qw: God list: Okawaru
     0 | D:1      | 0 ||| qw: Allow faded altars: false
     0 | D:1      | 0 ||| qw: Do Orc after clearing Dungeon:15 true
     0 | D:1      | 0 ||| qw: Do second Lair branch before Depths: true
     0 | D:1      | 0 ||| qw: Lair rune preference: random
     0 | D:1      | 0 ||| qw: Goals: Normal
     0 | D:1      | 0 ||| PLANNING D:1-11
    37 | D:1      | 37 ||| FLEEEEING.
    38 | D:1      | 38 ||| FLEEEEING.
    39 | D:1      | 39 ||| FLEEEEING.
    40 | D:1      | 40 ||| FLEEEEING.
    41 | D:1      | 41 ||| FLEEEEING.
    42 | D:1      | 42 ||| FLEEEEING.
   140 | D:1      | Reached skill level 3 in Ranged Weapons
   140 | D:1      | Reached XP level 2. HP: 19/23 MP: 2/2
   200 | D:1      | 200 ||| FLEEEEING.
   201 | D:1      | 201 ||| FLEEEEING.
   538 | D:1      | 538 ||| UPGRADING to +0 leather armour.
   548 | D:1      | 548 ||| DROPPING +0 robe.
   549 | D:1      | 549 ||| READING 2 scrolls labelled VATHRU SURURGHA.
   550 | D:1      | 550 ||| READING scroll labelled ANWIYT GERREL.
   551 | D:1      | 551 ||| READING scroll labelled ONNEIK OCOAPS.
   556 | D:1      | 556 ||| READING scroll labelled KAONOT JUSTREOBB.
   557 | D:1      | 557 ||| DROPPING scroll of amnesia.
   558 | D:1      | 558 ||| DROPPING scroll of poison.
   575 | D:2      | Reached XP level 3. HP: 29/29 MP: 3/3
   610 | D:2      | Found a faded altar of an unknown god.
   621 | D:2      | HP: 7/29 [rat (2)]
   622 | D:2      | Reached skill level 4 in Ranged Weapons
   927 | D:2      | Found a sparkling altar of Nemelex Xobeh.
  1162 | D:2      | 1162 ||| UPGRADING to +0 pair of boots.
  1167 | D:2      | 1167 ||| UPGRADING to +0 ring mail.
  1177 | D:2      | 1177 ||| DROPPING +0 leather armour.
  1178 | D:2      | 1178 ||| UPGRADING to +0 pair of gloves.
  1183 | D:2      | 1183 ||| DROPPING amulet of magic regeneration.
  1184 | D:2      | 1184 ||| READING scroll labelled DAUNWE MI ULA.
  1185 | D:2      | 1185 ||| READING 2 scrolls labelled QORUPTEZIT.
  1224 | D:3      | Found a radiant altar of Vehumet.
  1240 | D:3      | Found a hide-covered altar of Uskayaw.
  1282 | D:3      | Reached skill level 1 in Armour
  1282 | D:3      | Reached XP level 4. HP: 36/36 MP: 4/4
  1290 | D:3      | You fall into a shaft and drop 1 floor!
  1291 | D:4      | 1291 ||| READING scroll labelled JIOPTINNER.
  1294 | D:4      | 1294 ||| FLEEEEING.
  1295 | D:4      | 1295 ||| FLEEEEING.
  1296 | D:4      | 1296 ||| STAIRDANCE
  1335 | D:3      | Found a snail-covered altar of Cheibriados.
  1400 | D:3      | Found a runed translucent gate.
  1400 | D:3      | Found a runed translucent gate.
  1401 | D:3      | Found a runed translucent gate.
  1403 | D:3      | Noticed a kobold brigand
  1403 | D:3      | Noticed qw's ghost (amateur GrHs)
  1543 | D:3      | 1543 ||| Stepping ~*~*~tactically~*~*~ (outnumbered).
  1637 | D:3      | Reached skill level 5 in Ranged Weapons
  1827 | D:3      | 1827 ||| READING scroll labelled WUAREL ZITHO.
  1928 | D:3      | 1928 ||| READING scroll labelled ZEUJEXTATAI.
  1929 | D:3      | 1929 ||| DRINKING 2 metallic amethyst potions.
  1930 | D:3      | 1930 ||| DRINKING 2 blue potions.
  2035 | D:3      | 2035 ||| DROPPING potion of berserk rage.
  2173 | D:4      | Noticed a scorpion
  2184 | D:4      | Killed a scorpion
  2185 | D:4      | Reached XP level 5. HP: 30/46 MP: 5/5
  2325 | D:4      | Noticed an ogre
  2335 | D:4      | Killed an ogre
  2336 | D:4      | Reached XP level 6. HP: 17/52 MP: 6/6
  2517 | D:4      | Found a staircase to the Ecumenical Temple.
  2518 | D:4      | 2518 ||| PLANNING TEMPLE
  2523 | D:4      | Reached skill level 6 in Ranged Weapons
  2545 | D:4      | 2545 ||| READING 2 scrolls of identify.
  2545 | D:4      | 2545 ||| IDENTIFYING bubbling blue potion
  2552 | Temple   | Entered the Ecumenical Temple
  2747 | Temple   | 2747 ||| PLANNING D:1-11
  2977 | D:5      | Entered Level 5 of the Dungeon
  2987 | D:5      | 2987 ||| STAIRDANCE
  2990 | D:4      | HP: 8/52 [poisoned by an orc wizard]
  2991 | D:4      | Succumbed to an orc wizard's poison

Levels and vault maps discovered:
D:1:      grunt_arrival_crossed_arrows, layout_basic, roderic_roman_lattice
D:2:      layout_rooms, serial_corexii_hall, chequers_hall_statues_wall_a,
          corexii_hall_statues_l, corexii_hall_statues_i, basic_altar,
          nicolae_ecumenical_snake_handling
D:3:      layout_rooms, cheibriados_altar_1,
          nicolae_uskayaw_murder_on_the_dancefloor, fiery_altar_vehumet,
          gammafunk_ghost_nasty_kobolds, minmay_joined_circles
D:4:      layout_cave_pools, temple_green
D:5:      layout_basic, tso_oasis_becter, kennysheep_mini_moat,
          cheibrodos_ashenzari_chains, ebering_dispersal_statue_hall,
          palyth_stone_intersect, minmay_quadrilaterals, uniq_ijyb, uniq_pikel,
          uniq_duvessa, uniq_eustachio
Temple:   dpeg_chambers_temple

Skill      XL: |  1  2  3  4  5  6 |
---------------+-------------------+-----
Ranged Weapons | 3 4 5 6 |  6.2
Fighting       | 2 4 |  4.0
Armour         | 1 |  1.1
Dodging        | |  2.1
Spellcasting   | |  1.0
Hexes          | |  2.0

Action                     |  1- 3 |  4- 6 || total
---------------------------+-------+-------++-------
   Fire: Sling             |   109 |   109 ||   218
    Use: Scroll            |     6 |     4 ||    10
         Potion            |       |     2 ||     2
 Armour: Robe              |    11 |       ||    11
         Leather armour    |     4 |       ||     4
         Ring mail         |     1 |    32 ||    33
  Dodge: Dodged            |    31 |    44 ||    75

Table legend:
 A = Non-vault XP
 B = Vault XP
 C = Vault XP percentage of total XP
 D = Non-vault monster count
 E = Vault monster count
 F = Vault count percentage of total count
                 A         B        C        D         E       F
            +---------+---------+-------+---------+---------+-------
      Total |     404 |      63 |  13.5 |      64 |      17 |  21.0
            +---------+---------+-------+---------+---------+-------
        D:1 |      38 |       0 |   0.0 |      19 |       0 |   0.0
        D:2 |      33 |      17 |  34.0 |      13 |       4 |  23.5
        D:3 |      31 |      46 |  59.7 |      11 |      13 |  54.2
        D:4 |     266 |       0 |   0.0 |      19 |       0 |   0.0
        D:5 |      36 |       0 |   0.0 |       2 |       0 |   0.0
            +---------+---------+-------+---------+---------+-------
